 Dungeon Crawl Stone Soup version 0.29.0-4-gdea44cf6ec (webtiles) character file.

Game seed: 86038182499892069

26 tbh1313 the Sneak (level 2, 0/13 HPs)
             Began as a Spriggan Enchanter on Aug 27, 2022.
             Slain by a bat (1 damage)
             ... on level 1 of the Dungeon.
             The game lasted 00:01:42 (817 turns).

tbh1313 the Sneak (Spriggan Enchanter)               Turns: 817, Time: 00:01:43

Health: 0/13       AC:  2    Str:  4    XL:     2   Next: 89%
Magic:  7/7        EV: 17    Int: 16    God:
Gold:   94         SH:  0    Dex: 15    Spells: 7/7 levels left

rFire   . . .      SeeInvis +   a - +1 dagger
rCold   . . .      Faith    .   (no shield)
rNeg    . . .      Spirit   .   b - +0 robe
rPois   .          Reflect  .   (helmet restricted)
rElec   .          Harm     .   (no cloak)
rCorr   .          Rampage  .   (gloves unavailable)
Will    .....                   (boots unavailable)
Stlth   +++.......              (no amulet)
HPRegen 0.04/turn               (no ring)
MPRegen 0.10/turn               (no ring)

@: very quick
A: very small, no large weapons, unfitting armour, see invisible, speed 3
a: no special abilities


You were on level 1 of the Dungeon.
You visited 1 branch of the dungeon, and saw 1 of its levels.

You collected 94 gold pieces.

Inventory:

Hand Weapons
 a - a +1 dagger (weapon)
Armour
 b - a +0 robe (worn)
Jewellery
 g - a ring of protection from cold
Scrolls
 f - a scroll of identify {unknown}
 h - a scroll of torment {unknown}
 j - a scroll of vulnerability {unknown}
 k - a scroll of enchant weapon {unknown}
Potions
 c - a potion of invisibility
 d - a potion of mutation {unknown}
 e - a potion of brilliance {unknown}
 i - a potion of flight {unknown}


   Skills:
 * Level 1.6 Short Blades
 - Level 3.1 Dodging
 + Level 4.8 Stealth
 - Level 3.1 Spellcasting
 - Level 4.0 Hexes


You had 7 spell levels left.
You didn't know any spells.
Your spell library contained the following spells:

 Spells                   Type           Power      Damage    Failure   Level
 Confusing Touch          Hex            15%        N/A       11%         3
 Tukima's Dance           Hex            15%        N/A       11%         3
 Ensorcelled Hibernation  Hex/Ice        16%        N/A       12%         2
 Dazzling Flash           Conj/Hex       16%        N/A       24%         3


Dungeon Overview and Level Annotations

Branches:
Dungeon (1/15)

Altars:


Innate Abilities, Weirdness & Mutations

You are very small and have problems with some larger weapons.
You are too small for most types of armour.
You have supernaturally acute eyesight. (SInv)
You cover ground extremely quickly. (Speed+++)


Message History

The goblin is severely wounded.
The goblin misses you.
You closely miss the goblin.
The goblin is severely wounded.
The goblin misses you.
You hit the goblin but do no damage.
The goblin is severely wounded.
The goblin closely misses you.
You barely miss the goblin.
The goblin is severely wounded.
The goblin hits you with a +2 dagger of protection.
You hit the goblin but do no damage.
The goblin is heavily wounded.
The goblin barely misses you.
You hit the goblin but do no damage.
The goblin is heavily wounded.
The goblin hits you with a +2 dagger of protection.
You completely miss the goblin.
The goblin is heavily wounded.
You hit the goblin.
The goblin is almost dead.
The goblin hits you with a +2 dagger of protection.
You closely miss the goblin.
The goblin is almost dead.
The goblin closely misses you.
You hit the goblin but do no damage.
The goblin is almost dead.
The goblin hits you with a +2 dagger of protection.
You hit the goblin but do no damage.
The goblin is almost dead.
The goblin hits you with a +2 dagger of protection.
* * * LOW HITPOINT WARNING * * *
You hit the goblin but do no damage.
The goblin is almost dead.
The goblin closely misses you.
Okay, then.
You hit the goblin.
You kill the goblin!
The bat hits you but does no damage. The bat hits you.
You die...

#..# .... ###
.#..# ... ...
#.# .(. ###.#
#.# .....###).#
#### #..@#(# ..#
#...b.#
#.####...###
#.##..)..#
#.#####†#...#..#
#........÷#....#
####
#######.#...##.#
#... #.##.###.#
#.#. #.##.# .#
#..#


You could see a bat.

Vanquished Creatures
  2 dart slugs (D:1)
  2 ball pythons (D:1)
  2 bats (D:1)
  An endoplasm (D:1)
  2 hobgoblins (D:1)
  A kobold (D:1)
  2 quokkas (D:1)
  A frilled lizard (D:1)
  5 goblins (D:1)
  3 rats (D:1)
21 creatures vanquished.

Notes
Turn   | Place    | Note
-------+----------+-------------------------------------------
     0 | D:1      | tbh1313 the Spriggan Enchanter began the quest for the Orb.
     0 | D:1      | Reached XP level 1. HP: 9/9 MP: 5/5
    44 | D:1      | Reached XP level 2. HP: 5/13 MP: 6/6
   817 | D:1      | Slain by a bat

Illustrated notes

Levels and vault maps discovered:
D:1:      wander_arrival_peaceful_grave, layout_loops_ring,
          basic_ecumenical_altar

Skill      XL: |  1  2 |
---------------+-------+-----
Dodging        | 3 |  3.1
Spellcasting   | 3 |  3.1
Hexes          | 4 |  4.0
Short Blades   | |  1.6
Stealth        | |  4.8

Action                   || total
-------------------------++-------
Melee: Dagger            ||    91
       Punch             ||     2
  Use: Potion            ||     1
 Stab: Sleeping          ||     6
       Invisible         ||     1
Armor: Robe              ||    10
Dodge: Dodged            ||    72
